 Dungeon Crawl Stone Soup version 0.28.0-53-g5a82cb258f (webtiles) character file.

Game seed: 9741086278277844882

72 raph the Stinger (level 4, -4/25 HPs)
             Began as a Deep Elf Venom Mage on July 15, 2022.
             Slain by a river rat (7 damage)
             ... on level 3 of the Dungeon.
             The game lasted 00:03:58 (3474 turns).

raph the Stinger (Deep Elf Venom Mage)              Turns: 3474, Time: 00:03:59

Health: -4/25      AC:  2    Str:  5    XL:     4   Next: 6%
Magic:  11/11      EV: 13    Int: 22    God:
Gold:   99         SH:  0    Dex: 15    Spells: 4/10 levels left

rFire   . . .      SeeInvis .   b - +0 shortbow
rCold   . . .      Faith    .   (shield currently unavailable)
rNeg    . . .      Spirit   .   f - +0 robe
rPois   .          Reflect  .   (no helmet)
rElec   .          Harm     .   (no cloak)
rCorr   .          Rampage  .   (no gloves)
Will    .....                   (no boots)
Stlth   ++........              (no amulet)
HPRegen 0.08/turn               (no ring)
MPRegen 0.12/turn               (no ring)

@: hasted, very quick
A: no striking features
a: no special abilities


You were on level 3 of the Dungeon.
You visited 1 branch of the dungeon, and saw 3 of its levels.

You collected 99 gold pieces.

Inventory:

Hand Weapons
 a - a +2 dagger of venom
 b - a +0 shortbow (weapon)
 d - a +0 dagger
 l - a +0 dagger of speed
Missiles
 k - 13 arrows (quivered ammo)
Armour
 f - a +0 robe (worn)
Scrolls
 c - a scroll of teleportation {unknown}
 e - 2 scrolls of amnesia {unknown}
 g - 3 scrolls of identify
Potions
 i - a potion of lignification {unknown}
 j - a potion of might {unknown}


   Skills:
 + Level 1.0 Fighting
 + Level 3.0 Dodging
 + Level 3.2 Stealth
 + Level 3.6 Spellcasting
 * Level 0.3 Conjurations
 - Level 1.1 Transmutations
 * Level 4.0 Poison Magic


You had 4 spell levels left.
You knew the following spells:

 Your Spells              Type           Power      Damage    Failure   Level
a - Sting                 Tmut/Pois      60%        1d6       4%          1
b - Poisonous Vapours     Pois/Air       24%        N/A       8%          2
c - Mephitic Cloud        Conj/Pois/Air  10%        N/A       19%         3

Your spell library contained the following spells:

 Spells                   Type           Power      Damage    Failure   Level
 Olgreb's Toxic Radiance  Pois           21%        N/A       22%         4
 Stone Arrow              Conj/Erth      8%         3d7       32%         3
 Frozen Ramparts          Ice            6%         1d2       34%         3
 Inner Flame              Hex/Fire       3%         N/A       34%         3
 Ice Form                 Ice/Tmut       6%         N/A       67%         4
 Animate Armour           Summ/Erth      6%         N/A       75%         4
 Cause Fear               Hex            1%         N/A       75%         4
 Summon Ice Beast         Ice/Summ       3%         N/A       75%         4
 Discord                  Hex            1%         N/A       100%        8
 Lehudib's Crystal Spear  Conj/Erth      2%         10d2      100%        8


Dungeon Overview and Level Annotations

Branches:
Dungeon (3/15)

Altars:

Portals:
Sewer: D:3


Message History

Press: ? - help, Q - select action, (/) - cycle Shift-Dir - straight line, f/p - river rat
Aim: a river rat (53% to hit)
You shoot an arrow. The arrow closely misses the river rat.
The ball python bites you. The ball python constricts you.
The river rat bites you!
The ball python bites you but does no damage.
The ball python constricts you.
The ball python's grasp on you weakens, but your attempt to escape fails.
The river rat bites you!
* * * LOW HITPOINT WARNING * * *
The ball python barely misses you. The ball python constricts you.
Casting: Poisonous Vapours (safe; 8% risk of failure)
Confirm with . or Enter, or press ? or * to list all spells.
Aiming: Sting (safe; 4% risk of failure)
Press: ? - help, Shift-Dir - straight line, f/p - river rat
Aim: a river rat (71% to hit)
The sting hits the river rat.
The river rat is poisoned.
The river rat is lightly wounded.
The river rat bites you but does no damage.
The ball python bites you but does no damage.
The ball python constricts you.
You escape the ball python's grasp.
The ball python closely misses you. The ball python completely misses you.
There is a stone staircase leading up here.
The river rat misses you. The ball python misses you.
The ball python grabs you.
You stop ascending the stairs.
The ball python constricts you.
* * * LOW HITPOINT WARNING * * *
You escape the ball python's grasp.
The river rat looks more healthy.
An orc comes into view. It is wielding a +0 trident.
There is an open door here.
As you read the scroll labelled LOMMIT YTOCY BIR, it crumbles to dust.
It is a scroll of identify.
h - a potion of haste The river rat barely misses you.
You feel yourself speed up.
You hear the slow rusting of a distant drain.
The river rat bites you!
You die...

###### ######.S..#
#.....r##.# #.w...@##.#
.##########......##'######
....(.....(......#.......#
######...........<.......#
................##..o....#
......................####
.......#####.######.#.#
########
#...#......#.###########
#.###.######.##........#


You could see a worm, a river rat and a ball python.

Vanquished Creatures
  A gnoll (D:2)
  An adder (D:2)
  An adder skeleton (D:3)
  4 dart slugs
  6 endoplasms
  2 giant cockroaches (D:1)
  3 goblins
  4 hobgoblins
  4 kobolds
  5 ball pythons
  4 bats
  2 frilled lizards
  7 rats
44 creatures vanquished.

Notes
Turn   | Place    | Note
-------+----------+-------------------------------------------
     0 | D:1      | raph the Deep Elf Venom Mage began the quest for the Orb.
     0 | D:1      | Reached XP level 1. HP: 10/10 MP: 6/6
   433 | D:1      | Reached XP level 2. HP: 10/15 MP: 4/8
   736 | D:1      | You fall into a shaft and drop 1 floor!
  1026 | D:1      | Learned a level 2 spell: Poisonous Vapours
  1326 | D:1      | Found a faded altar of an unknown god.
  1924 | D:2      | Reached XP level 3. HP: 20/20 MP: 6/9
  2562 | D:2      | Reached skill level 4 in Poison Magic
  2859 | D:2      | Learned a level 3 spell: Mephitic Cloud
  3070 | D:2      | Reached skill level 1 in Fighting
  3289 | D:2      | Found Edix's Weapon Boutique.
  3330 | D:3      | Reached XP level 4. HP: 25/25 MP: 11/11
  3439 | D:3      | Found a glowing drain.
  3474 | D:3      | Slain by a river rat

Illustrated notes

Levels and vault maps discovered:
D:1:      dpeg_arrival_oval, layout_basic, shapermc_ecumenical_altar_flowoftime
D:2:      minmay_chambers_of_ones, layout_basic, serial_shops, shop_fountains
D:3:      layout_basic, portal_sewer_entry_a, minmay_tree_intersection,
          st_stairs_13, uniq_grinder

Skill      XL: |  1  2  3 |
---------------+----------+-----
Stealth        | 3 |  3.2
Dodging        | 3 |  3.0
Poison Magic   | 4 |  4.0
Fighting       | 1 |  1.0
Spellcasting   | |  3.6
Conjurations   | |  0.3
Transmutations | |  1.1

Action                   |  1- 3 |  4- 6 || total
-------------------------+-------+-------++-------
Melee: Dagger            |    24 |       ||    24
       Punch             |     1 |       ||     1
 Fire: Shortbow          |    19 |     8 ||    27
 Cast: Sting             |    40 |     1 ||    41
       Poisonous Vapours |     2 |     2 ||     4
  Use: Scroll            |       |     1 ||     1
       Potion            |       |     1 ||     1
 Stab: Sleeping          |     1 |       ||     1
Armor: Robe              |     5 |     4 ||     9
Dodge: Dodged            |    26 |     9 ||    35
